cohdb
Replays
Latest Replays
All Replays
Popular Replays
Top Player Replays
Match Explorer
How It Works
Community
CoH3 Stats
Reddit
Sign in to upload your games and track your stats! →
Sign in with Steam
Match 35765692
Unlisted
Match 35765692
Overview
Messages
Build Orders
End
Selects Italian Combined Arms Battlegroup
Selects Bersaglieri Squad
Bersaglieri Squad
250 Light Carrier
Bersaglieri Squad
Bersaglieri Squad
Construct Light Support Kompanie
Fire Support Elements
Selects Bersaglieri Bolster
MG34 Team
Flakvierling Half-track
Selects Breda Model 30 Light Machine Guns
Pak 38 Mechanized Group
Construct Panzerarmee Kommand
Selects Semovente da 75/18 Assault Gun
Walking Stuka Rocket Launcher
Assault Mechanized Group
Selects Carro Armato M13/40 Light Tank
Selects Artillery Cover
Panzer III L Medium Tank
Artillery Cover
Vehicle Survival Package
Panzerpioneer Squad
Panzer III L Medium Tank
Panzerjäger Mechanized Group
Tungsten Core Ammunition
Walking Stuka Rocket Launcher
Panzer III L Medium Tank
Walking Stuka Rocket Launcher
mentoss
Revolution
陈浩南
中二青年
QSC
Exf
Gravey
冲锋大哥
0
0
Comments
sign in to comment!
No comments posted yet!